 Dungeon Crawl Stone Soup version 0.28-a0-1447-ga5a8893891 (webtiles) character file.

Game seed: 269253300659840280

107 murtidash the Magician (level 5, -13/38 HPs)
             Began as a Djinni Air Elementalist on Nov 21, 2021.
             Killed by divine providence
             ... invoked by an orc priest
              (14 damage)
             ... on level 2 of the Dungeon on Jan 11, 2022.
             The game lasted 00:05:53 (2654 turns).

murtidash the Magician (Djinni Air Elementalist)    Turns: 2654, Time: 00:05:53

Health: -13/38     AC:  2    Str:  7    XL:     5   Next: 11%
Gold:   62         EV: 12    Int: 18    God:
                   SH:  0    Dex: 13

rFire   + + .      SeeInvis .   (no weapon)
rCold   x . .      Faith    .   (no shield)
rNeg    . . .      Spirit   .   a - +0 robe
rPois   ∞          Reflect  .   (no helmet)
rElec   .          Harm     .   (no cloak)
rCorr   .          Rampage  .   (no gloves)
Will    .....                   (boots unavailable)
Stlth   ++........              (no amulet)
HPRegen 0.12/turn               (no ring)
MPRegen 0.00/turn               (no ring)

@: flying, very slightly contaminated
A: sickness immunity, fire resistance 2, cold vulnerability 1, float, innate
caster, hp casting, extra vitality 1
a: no special abilities


You were on level 2 of the Dungeon.
You visited 1 branch of the dungeon, and saw 3 of its levels.

You collected 62 gold pieces.

Inventory:

Armour
 a - a +0 robe (worn)
Scrolls
 c - 5 scrolls of identify {unknown}
 f - a scroll of teleportation {unknown}
 i - a scroll of fear {unknown}
 l - a scroll of blinking {unknown}
Potions
 b - a potion of attraction {unknown}
 d - a potion of berserk rage {unknown}
 e - 2 potions of curing {unknown}
 g - a potion of magic {unknown}
 h - a potion of mutation {unknown}
 j - a potion of haste {unknown}
 k - a potion of brilliance {unknown}


   Skills:
 - Level 2.0 Fighting
 - Level 2.1 Dodging
 - Level 1.5 Stealth
 * Level 3.8 Spellcasting


You couldn't memorise any spells.
You knew the following spells:

 Your Spells              Type           Power      Damage    Failure   Level
b - Shock                 Conj/Air       68%        1d7       3%          1
s - Swiftness             Air            17%        N/A       10%         3
w - Passwall              Tmut/Erth      14%        N/A       4%          2
U - Airstrike             Air            8%         N/A       30%         4
X - Static Discharge      Conj/Air       17%        N/A       4%          2
Z - Magic Dart            Conj           68%        1d6       3%          1
Your spell library was empty.

Dungeon Overview and Level Annotations

Branches:
Dungeon (3/15)

Altars:


Innate Abilities, Weirdness & Mutations

You are immune to sickness and miasma.
You are immune to poison.
Your flesh is very heat resistant. (rF++)
You are vulnerable to cold. (rC-)
You float through the air rather than walking.
You learn spells naturally, not from books.
Your magical power is your life essence.
You have superior vitality. (+4 MHP)


Message History

The orc wizard shouts!
The orc shouts!
An orc priest comes into view. It is wielding a +0 flail.
Aim: an orc, wielding a +0 flail and wearing a +0 leather armour (wandering, hasn't noticed you, 100% to hit)
The magic dart hits the orc.
The orc shouts!
The orc priest shouts!
The orc priest looks encouraged for a moment.
The orc wizard gestures wildly while chanting.
The orc wizard flickers and vanishes!
Deactivating autopickup; reactivate with Ctrl-A.
There is a stone staircase leading up here.
You can't see any susceptible monsters within range! (Use Z to cast anyway.)
You start waiting.
An orc is nearby!
Aim: an orc, wielding a +0 dagger of protection and wearing a +0 leather armour (100% to hit)
The magic dart hits the orc but does no damage.
You take 1 damage, and have 32/33 hp.
Aim: an orc, wielding a +0 dagger of protection and wearing a +0 leather armour (100% to hit)
The magic dart hits the orc.
The spell is extremely dangerous to miscast (36% risk of failure)!
Continue anyway?
Okay, then.
Unknown command.
Aim: an orc, wielding a +0 flail and wearing a +0 leather armour (severely wounded, 100% to hit)
Okay, then.
Unknown command.
Aim: an orc, wielding a +0 flail and wearing a +0 leather armour (severely wounded, 71% to hit)
The zap hits the orc.
The zap hits the orc but does no damage.
The orc barely misses you.
You take 1 damage, and have 31/33 hp.
Aim: an orc priest, wielding a +0 hand axe and wearing a +0 scale mail (75% to hit)
The zap hits the orc.
The zap misses the orc.
The zap hits the orc priest.
The orc hits you with a +0 dagger of protection.
You take 5 damage, and have 26/33 hp.
Aim: an orc priest, wielding a +0 hand axe and wearing a +0 scale mail (moderately wounded, 75% to hit)
The zap hits the orc.
You kill the orc!
The zap hits the orc.
You kill the orc!
The zap hits the orc priest. x2; The zap hits something.
The orc priest mumbles some strange prayers to Beogh against you.
Beogh smites you!
Training target 2.0 for Fighting reached!
Your Fighting skill increases to level 2!
You take 15 damage, and have 11/33 hp.
MASSIVE DAMAGE!!
A puff of flame appears from out of thin air!
The puff of flame misses you.
You fly upwards.
Reactivating autopickup.
There is a stone staircase leading down here.
Done exploring.
Health restored: 33 You fly downwards.
The orc priest hits you with a +0 hand axe.
The orc wizard casts a spell.
The orc wizard flickers and vanishes!
Deactivating autopickup; reactivate with Ctrl-A.
There is a stone staircase leading up here.
You take 5 damage, and have 28/33 hp.
The zap misses the orc priest.
The zap hits something.
The zap hits the orc priest. x2
The orc priest hits you with a +0 hand axe.
You take 4 damage, and have 24/33 hp.
The zap hits the orc priest.
The zap hits something.
The zap hits the orc priest. x2
You kill the orc priest!
The orc priest hits you with a +0 hand axe.
You have reached level 5!
The power to cast Passwall wells up from within.
Spell assigned to 'w'.
You take 4 damage, and have 20/38 hp.
The zap hits the orc priest.
The orc priest hits you with a +0 hand axe.
You take 2 damage, and have 18/38 hp.
The zap hits the orc priest.
The orc priest closely misses you.
You take 1 damage, and have 17/38 hp.
The orc priest barely misses you.
You fly upwards.
Reactivating autopickup.
There is a stone staircase leading down here.
That beam is likely to hit you.
Continue anyway?
Okay, then.
Unknown command.
The orc priest barely misses you. That beam is likely to hit you.
Continue anyway?
Okay, then.
The zap hits the orc priest. x2
The orc priest calls down the wrath of Beogh upon you.
Beogh smites you!
* * * LOW HITPOINT WARNING * * *
You take 12 damage, and have 5/38 hp.
MASSIVE DAMAGE!!
You miscast Shock.
You are very lightly contaminated with residual magic.
Nothing appears to happen.
* * * LOW HITPOINT WARNING * * *
The orc priest hits you with a +0 hand axe.
* * * LOW HITPOINT WARNING * * *
You take 4 damage, and have 1/38 hp.
You don't have enough health to cast this spell.
The orc priest mumbles some strange prayers to Beogh against you.
Beogh smites you!
You die...

#.....##### #####..###
#......>..## ##.###
#########..#########...#
#...............
##.##.....###...
#...####..##..#
###.#####.....#
###########<...........
#.>.o.@....#####....#<#
#..........# ##..##.#..
#..........###..###....
######.##.##...## ####.
####.#.......########
###.....[#####.........
#...##.################
#..........##..........
######..##..#........##


You could see an orc priest.

Vanquished Creatures
  An orc priest (D:3)
  A howler monkey skeleton (D:2)
  2 adders (D:2)
  A dart slug (D:1)
  2 orcs (D:3)
  4 endoplasms
  3 giant cockroaches
  2 goblins
  4 hobgoblins
  3 jackals (D:1)
  A quokka (D:2)
  3 ball pythons
  9 bats
  3 frilled lizards
  A kobold (D:2)
  6 rats
46 creatures vanquished.

Notes
Turn   | Place    | Note
-------+----------+-------------------------------------------
     0 | D:1      | murtidash the Djinni Air Elementalist began the quest for
                  | the Orb.
     0 | D:1      | Reached XP level 1. HP: 15/15 MP: 0/0
   294 | D:1      | Reached XP level 2. HP: 19/22 MP: 0/0
   554 | D:1      | Reached skill level 1 in Fighting
   765 | D:1      | Reached XP level 3. HP: 21/27 MP: 0/0
   765 | D:1      | Learned a level 1 spell: Magic Dart
   877 | D:1      | Reached skill level 3 in Spellcasting
  1910 | D:2      | Reached XP level 4. HP: 31/32 MP: 0/0
  1930 | D:2      | Upgraded the game from 0.28-a0-872-g80cf8599ee to
                  | 0.28-a0-1447-ga5a8893891
  2158 | D:2      | Found a faded altar of an unknown god.
  2445 | D:3      | Reached skill level 2 in Fighting
  2645 | D:3      | Reached XP level 5. HP: 20/38 MP: 0/0
  2645 | D:3      | Learned a level 2 spell: Passwall
  2651 | D:2      | HP: 5/38 [orc priest/divine providence (12)]
  2652 | D:2      | HP: 1/38 [orc priest (3)]
  2654 | D:2      | Killed from afar by an orc priest

Illustrated notes

Levels and vault maps discovered:
D:1:      dpeg_arrival_rhombus, layout_loops_cross,
          minmay_misc_feat_more_columns, chequers_serial_rivers_small_b,
          feat_on_display
D:2:      layout_rooms, shapermc_ecumenical_altar_venn
D:3:      cheibrodos_pilgrimage, layout_rooms, kennysheep_slug_shrine

Skill      XL: |  1  2  3  4 |
---------------+-------------+-----
Fighting       | 1 2 |  2.0
Spellcasting   | 3 |  3.8
Dodging        | |  2.1
Stealth        | |  1.5

Action                   |  1- 3 |  4- 6 || total
-------------------------+-------+-------++-------
 Cast: Shock             |    72 |    15 ||    87
       Magic Dart        |       |    14 ||    14
Armor: Robe              |     1 |     1 ||     2
Dodge: Dodged            |     8 |     9 ||    17

Table legend: (Time is in decaauts)
 A = Elapsed time spent in this place.
 B = Non-inter-level travel time spent in this place.
 C = Inter-level travel time spent in this place.
 D = Time resting spent in this place.
 E = Time spent auto-exploring this place.
 F = Levels seen in this place.
 G = Mean time per level.
                   A        B        C        D        E       F      G
               +--------+--------+--------+--------+--------+-----+--------+
         Total |   2654 |   2568 |     86 |      2 |   2366 |   3 |  884.7 |
       Dungeon |   2654 |   2568 |     86 |      2 |   2366 |   3 |  884.7 |
               +--------+--------+--------+--------+--------+-----+--------+

Top non-repeatable levels by time:
     D:2: 1315 daAuts
     D:1: 1308 daAuts
     D:3: 31 daAuts

Table legend:
 A = Kills in this place as a percentage of kills in entire the game.
 B = Kills by you in this place as a percentage of kills by you in the entire game.
 C = Kills by friends in this place as a percentage of kills by friends in the entire game.
 D = Other kills in this place as a percentage of other kills in the entire game.
 E = Experience gained in this place as a percentage of experience gained in the entire game.
 F = Experience gained in this place divided by the number of levels of this place that you have seen.
                   A       B       C       D       E      F
               +-------+-------+-------+-------+-------+----------------------
         Total | 100.0 | 100.0 |   N/A |   N/A | 100.0 |  51.3
       Dungeon | 100.0 | 100.0 |   N/A |   N/A | 100.0 |  51.3
               +-------+-------+-------+-------+-------+----------------------
